 Dungeon Crawl Stone Soup version 0.29.1-1-gd02db6906a (webtiles) character file.

Game seed: 1265800869787401235

114 inmateoo the Poker (level 4, -3/34 HPs)
             Began as a Demonspawn Gladiator on Sept 15, 2022.
             Slain by a gnoll
             ... wielding a +0 halberd
              (9 damage)
             ... on level 3 of the Dungeon.
             The game lasted 00:02:38 (2661 turns).

inmateoo the Poker (Demonspawn Gladiator)           Turns: 2661, Time: 00:02:39

Health: -3/34      AC:  4    Str: 14    XL:     4   Next: 67%
Magic:  4/4        EV: 13    Int:  9    God:
Gold:   161        SH:  0    Dex: 17    Spells: 3/3 levels left

rFire   . . .      SeeInvis .   a - +0 trident
rCold   . . .      Faith    .   (no shield)
rNeg    . . .      Spirit   .   b - +0 leather armour
rPois   .          Reflect  .   c - +0 helmet
rElec   .          Harm     .   (no cloak)
rCorr   +          Rampage  .   (no gloves)
Will    .....                   (no boots)
Stlth   +.........              (no amulet)
HPRegen 0.11/turn               j - ring of resist corrosion
MPRegen 0.09/turn               (no ring)

@: lethally poisoned (-3 -> -6)
A: demonic touch 2
a: no special abilities


You were on level 3 of the Dungeon.
You visited 1 branch of the dungeon, and saw 3 of its levels.

You collected 161 gold pieces.

Inventory:

Hand Weapons
 a - a +0 trident (weapon)
Missiles
 d - 3 throwing nets (quivered)
 e - 7 javelins
Armour
 b - a +0 leather armour (worn)
 c - a +0 helmet (worn)
Jewellery
 j - a ring of resist corrosion (left hand)
Scrolls
 f - a scroll of identify {unknown}
 g - a scroll of enchant armour {unknown}
 l - a scroll of poison {unknown}
 m - a scroll of amnesia {unknown}
Potions
 h - 2 potions of magic {unknown}
 i - 2 potions of resistance {unknown}
 k - 2 potions of heal wounds {unknown}
 n - 2 potions of haste {unknown}


   Skills:
 + Level 2.9 Fighting
 - Level 3.5 Polearms
 - Level 1.7 Throwing
 + Level 1.6 Armour
 + Level 3.3 Dodging


You had 3 spell levels left.
You didn't know any spells.
Your spell library contained the following spells:

 Spells                   Type           Power      Damage    Failure   Level
 Beastly Appendage        Tmut           0%         N/A       45%         1
 Blink                    Tloc           0%         N/A       58%         2
 Scorch                   Fire           0%         2d5       58%         2
 Sublimation of Blood     Necr           0%         N/A       58%         2
 Wereblood                Tmut           0%         N/A       58%         2
 Ignite Poison            Fire/Tmut/Pois 0%         N/A       83%         3
 Lesser Beckoning         Tloc           0%         N/A       83%         3
 Mephitic Cloud           Conj/Pois/Air  0%         N/A       83%         3
 Spider Form              Tmut/Pois      0%         N/A       83%         3
 Flame Wave               Conj/Fire      0%         2d4       99%         4
 Petrify                  Tmut/Erth      0%         N/A       99%         4
 Freezing Cloud           Conj/Ice/Air   0%         6-21      100%        5
 Irradiate                Conj/Tmut      0%         3d11      100%        5
 Manifold Assault         Tloc           0%         N/A       100%        5
 Summon Mana Viper        Hex/Summ       0%         N/A       100%        5


Dungeon Overview and Level Annotations

Branches:
Dungeon (3/15)

Altars:


Innate Abilities, Weirdness & Mutations

Your touch may inflict irresistible damage on your foes.


Message History

There is a stone staircase leading down here.
You climb downwards.
The gnoll barely misses you.
The gnoll shouts!
Found a scroll labelled YSUZXI GIQIRO.
There is a stone staircase leading up here.
There are monsters nearby!
There are monsters nearby!
There are monsters nearby!
You hit the gnoll.
You touch the gnoll!
You kill the gnoll!
The gnoll shouts!
An adder comes into view.
The gnoll barely misses you.
You reach to attack!
You puncture the gnoll!
The gnoll is severely wounded.
A gnoll comes into view. It is wielding a +0 halberd.
The gnoll closely misses you.
You reach to attack!
The gnoll shouts!
You hit the gnoll.
The gnoll is almost dead.
The gnoll hits you from afar with a +0 halberd!
The gnoll hits you from afar with a +0 spear.
You reach to attack!
You hit the gnoll but do no damage.
The gnoll is almost dead.
The gnoll barely misses you.
The gnoll hits you from afar with a +0 spear.
The gnoll barely misses you. The gnoll closely misses you.
You reach to attack!
You hit the gnoll.
You kill the gnoll!
The gnoll barely misses you. The gnoll closely misses you.
You reach to attack!
You closely miss the adder.
The gnoll hits you from afar with a +0 halberd!
The gnoll barely misses you. The adder bites you.
* * * LOW HITPOINT WARNING * * *
You are poisoned.
The adder poisons you!
You feel sick. The adder closely misses you.
The gnoll hits you from afar with a +0 halberd!
You die...

.. .. .#.
###.###.##...
?.........#.
###.###.##.
.........#
#)gg....#
##.###)S....#
#......@...#
#..#########


You could see 2 gnolls and an adder.

Vanquished Creatures
  6 gnolls
  An adder (D:2)
  2 worms (D:2)
  A dart slug (D:2)
  3 endoplasms (D:2)
  3 goblins (D:1)
  5 hobgoblins
  A jackal (D:2)
  2 quokkas
  2 ball pythons (D:1)
  6 bats
  4 frilled lizards
  4 kobolds
  4 rats (D:1)
44 creatures vanquished.

Notes
Turn   | Place    | Note
-------+----------+-------------------------------------------
     0 | D:1      | inmateoo the Demonspawn Gladiator began the quest for the
                  | Orb.
     0 | D:1      | Reached XP level 1. HP: 16/16 MP: 1/1
   226 | D:1      | Gained mutation: Your touch may inflict minor irresistible
                  | damage on your foes. [demonic ancestry]
   226 | D:1      | Reached XP level 2. HP: 21/22 MP: 2/2
   859 | D:1      | Found a faded altar of an unknown god.
  1018 | D:2      | Got the Book of Rubbish
  1094 | D:2      | Reached XP level 3. HP: 7/28 MP: 3/3
  1377 | D:3      | Reached skill level 1 in Armour
  2058 | D:2      | Gained mutation: Your touch may inflict irresistible damage
                  | on your foes. [demonic ancestry]
  2058 | D:2      | Reached XP level 4. HP: 33/34 MP: 4/4
  2661 | D:3      | Slain by a gnoll

Illustrated notes

Levels and vault maps discovered:
D:1:      grunt_arrival_lava_bath, layout_rooms,
          shapermc_ecumenical_altar_mp_vishouse
D:2:      layout_loops_ring, minmay_heptomino_h4
D:3:      layout_loops_ring, nicolae_uskayaw_dance_hall,
          nicolae_gozag_cash_rules_everything_around_me,
          hangedman_decor_diamond_cutter,
          nicolae_concentric_dashed_squares_mild, minmay_door_square,
          hangedman_decor_push, minmay_box_of_dots

Skill      XL: |  1  2  3 |
---------------+----------+-----
Polearms       | 3 |  3.5
Armour         | 1 |  1.6
Dodging        | 3 |  3.3
Fighting       | |  2.9
Throwing       | |  1.7

Action                   |  1- 3 |  4- 6 || total
-------------------------+-------+-------++-------
Melee: Trident           |    83 |    40 ||   123
       Touch             |     4 |     6 ||    10
Throw: Throwing net      |     1 |       ||     1
 Stab: Sleeping          |     1 |       ||     1
Armor: Leather armour    |     7 |     4 ||    11
Dodge: Dodged            |    40 |    23 ||    63
